 Dungeon Crawl Stone Soup version 0.19.0-19-g8c6edcc (webtiles) character file.

597 Haldmier the Slasher (level 7, -1/45 HPs)
             Began as a High Elf Skald on Nov 16, 2016.
             Slain by a worker ant (4 damage)
             ... on level 4 of the Dungeon.
             The game lasted 00:15:26 (5471 turns).

Haldmier the Slasher (High Elf Skald)               Turns: 5471, Time: 00:15:26

Health: -1/45      AC:  4    Str: 15    XL:     7   Next: 17%
Magic:  3/12       EV: 11    Int: 16    God:
Gold:   216        SH:  0    Dex: 15    Spells: 4 memorised, 2 levels left

rFire  . . .     SeeInvis .     a - +0 falchion
rCold  . . .     Gourm    .     b - +0 leather armour
rNeg   . . .     Faith    .     (no shield)
rPois  .         Spirit   .     (no helmet)
rElec  .         Reflect  .     (no cloak)
rCorr  .         Harm     .     f - +0 pair of gloves
MR     .....                    (no boots)
Stlth  +.........               (no amulet)
                                (no ring)
                                (no ring)

@: lethally poisoned (-1 -> -6), flying, very slightly contaminated
A: strong 1
a: no special abilities


You were on level 4 of the Dungeon.
You were not hungry.

You visited 1 branch of the dungeon, and saw 5 of its levels.

You collected 216 gold pieces.

Inventory:

Hand Weapons
 a - a +0 falchion (weapon)
Armour
 b - a +0 leather armour (worn)
 f - a +0 pair of gloves (worn)
 w - a +0 ring mail
Jewellery
 v - an uncursed ring of flight {unknown}
Wands
 y - a wand of random effects (12/48)
Scrolls
 e - 3 scrolls of teleportation {unknown}
 g - 6 scrolls of identify {unknown}
 k - a scroll of immolation {unknown}
 l - 2 scrolls of magic mapping {unknown}
 o - 2 scrolls of enchant weapon {unknown}
 p - a scroll of fog {unknown}
 x - 2 scrolls of blinking {unknown}
Potions
 h - a potion of curing
 j - 2 potions of flight
 q - a potion of invisibility {unknown}
 s - a potion of degeneration {unknown}
 u - a potion of ambrosia {unknown}
 z - a potion of mutation
 B - a potion of cancellation {unknown}
Books
 c - a book of Battle

   Spells                             Type                      Level
   a - Infusion                       Charms                       1
   b - Shroud of Golubria             Charms/Translocation         2
   c - Song of Slaying                Charms                       2
   d - Spectral Weapon                Hexes/Charms                 3
   e - Regeneration                   Charms/Necromancy            3
 t - a book of Misfortune

   Spells                             Type                      Level
   a - Confusing Touch                Hexes                        1
   b - Confuse                        Hexes                        3
   c - Gell's Gravitas                Hexes/Translocation          3
   d - Petrify                        Transmutation/Earth          4
   e - Metabolic Englaciation         Hexes/Ice                    5
   f - Yara's Violent Unravelling     Hexes/Transmutation          5
Comestibles
 d - 3 bread rations
 i - 4 meat rations
 m - 2 royal jellies
 n - 2 slices of pizza
 r - a beef jerky


   Skills:
 - Level 2.0 Fighting
 * Level 6.5 Long Blades
 + Level 1.0 Armour
 - Level 1.1 Dodging
 + Level 0.0 Stealth
 + Level 2.8 Spellcasting
 + Level 3.2 Hexes
 + Level 3.6 Charms
 + Level 2.2 Necromancy
 + Level 3.1 Translocations


You had 2 spell levels left.
You knew the following spells:

 Your Spells              Type           Power        Failure   Level  Hunger
a - Infusion              Chrm           ##..         8%          1    #......
b - Shroud of Golubria    Chrm/Tloc      ##........   10%         2    ##.....
c - Spectral Weapon       Hex/Chrm       ##......     17%         3    ###....
d - Regeneration          Chrm/Necr      ##........   21%         3    ###....


Dungeon Overview and Level Annotations

Branches:
Dungeon (5/15)
 Temple: D:4-7

Altars:
Dithmenos
Kikubaaqudgha
Okawaru
Uskayaw


Innate Abilities, Weirdness & Mutations

Your muscles are strong. (Str +2)


Message History

The giant cockroach barely misses you.
You riposte.
You hit the giant cockroach.
You kill the giant cockroach!
You feel better.
The worker ant bites you but does no damage.
You barely miss the worker ant.
The worker ant is almost dead.
The worker ant barely misses you. The worker ant bites you.
* * * LOW HITPOINT WARNING * * *
You are lethally poisoned!
The worker ant poisons you!
You hit the worker ant but do no damage.
The worker ant is almost dead.
* * * LOW HITPOINT WARNING * * *
You feel sick. The worker ant misses you.
You closely miss the worker ant.
The worker ant is almost dead.
* * * LOW HITPOINT WARNING * * *
You feel sick. The worker ant bites you.
You die...

#.........# #.........####
##.........#..# ###
#.............# #..
##########...........## #..
#......# ####.........##########.
#.....## ###).......#.)..........
......####.).......#.............
.....##.........@..##.....#######
..........###...a.###......##
........####......# #.......##
.....#### #.....## ##.......#
...### ##.....# #)......## ####
#.....## #........# #.....#
##.......## #....## #........#
#####....# ##......##


You could see a worker ant.

Vanquished Creatures
  A phantom (D:3)
  A bullfrog (D:4)
  A bullfrog zombie (D:3)
  An orc priest (D:3)
  A centaur skeleton (D:4)
  A hound (D:4)
  A jelly (D:4)
  An iguana (D:4)
  Natasha (thrice) (D:3)
  A worker ant zombie (D:4)
  4 gnolls (D:3)
  4 adders
  A howler monkey skeleton (D:4)
  A shadow imp (D:5)
  An adder skeleton (D:4)
  4 worms
  4 leopard geckos
  8 orcs
  2 ball pythons
  7 bats
  4 giant cockroaches
  9 goblins
  5 hobgoblins
  A quokka (D:2)
  5 frilled lizards
  A jackal skeleton (D:4)
  7 kobolds
  14 rats
94 creatures vanquished.

Notes
Turn   | Place    | Note
-------+----------+-------------------------------------------
     0 | D:1      | Haldmier the High Elf Skald began the quest for the Orb.
     0 | D:1      | Reached XP level 1. HP: 14/14 MP: 4/4
   127 | D:1      | Reached skill level 3 in Long Blades
   214 | D:1      | Reached XP level 2. HP: 19/19 MP: 6/6
  1006 | D:2      | Reached skill level 4 in Long Blades
  1081 | D:2      | Learned a level 2 spell: Shroud of Golubria
  1272 | D:2      | Reached XP level 3. HP: 24/24 MP: 4/7
  1903 | D:2      | Reached skill level 1 in Translocations
  2164 | D:2      | Found an iron altar of Okawaru.
  2167 | D:2      | Found a hide-covered altar of Uskayaw.
  2325 | D:2      | Learned a level 3 spell: Spectral Weapon
  2358 | D:3      | Found a shadowy altar of Dithmenos.
  2393 | D:3      | Reached XP level 4. HP: 29/29 MP: 2/8
  2592 | D:3      | Reached skill level 5 in Long Blades
  2592 | D:3      | Reached skill level 1 in Hexes
  2659 | D:3      | Noticed Natasha
  2906 | D:3      | Killed Natasha
  2906 | D:3      | Reached XP level 5. HP: 34/34 MP: 2/9
  3037 | D:3      | Learned a level 3 spell: Regeneration
  3098 | D:3      | Noticed a phantom
  3116 | D:2      | Found an ancient bone altar of Kikubaaqudgha.
  3272 | D:3      | Killed a phantom
  3272 | D:3      | Reached skill level 1 in Necromancy
  3587 | D:3      | Noticed Natasha
  3596 | D:3      | Killed Natasha
  3596 | D:3      | Reached XP level 6. HP: 39/39 MP: 1/10
  4023 | D:3      | Noticed Natasha
  4037 | D:3      | Killed Natasha
  4465 | D:4      | Reached skill level 6 in Long Blades
  4777 | D:4      | Reached XP level 7. HP: 43/45 MP: 6/11
  5231 | D:4      | Reached skill level 1 in Armour
  5443 | D:5      | Entered Level 5 of the Dungeon
  5459 | D:4      | Gained mutation: You are frail. (-10% HP) [potion of mutation]
  5459 | D:4      | Lost mutation: You are frail. (-10% HP) [potion of mutation]
  5459 | D:4      | Gained mutation: Your muscles are strong. (Str +2) [potion of mutation]
  5467 | D:4      | HP: 1/45 [worker ant (6)]
  5471 | D:4      | Slain by a worker ant

Skill      XL: |  1  2  3  4  5  6  7 |
---------------+----------------------+-----
Long Blades    | 3 4 5 6 |  6.5
Translocations | 1 2 3 |  3.1
Hexes          | 1 2 3 |  3.2
Necromancy     | 1 2 |  2.2
Armour         | 1 |  1.0
Fighting       | |  2.0
Dodging        | |  1.1
Spellcasting   | |  2.8
Charms         | |  3.6

Action                   |  1- 3 |  4- 6 |  7- 9 || total
-------------------------+-------+-------+-------++-------
Melee: Falchion          |   120 |   143 |    40 ||   303
 Cast: Infusion          |    17 |    19 |     1 ||    37
       Shroud of Golubri |     4 |    16 |     3 ||    23
       Spectral Weapon   |       |     5 |     4 ||     9
  Use: Potion            |       |       |     5 ||     5
 Stab: Sleeping          |       |     1 |       ||     1
  Eat: Chunk             |     5 |    10 |     3 ||    18
Armor: Leather armour    |    42 |    27 |    15 ||    84
Dodge: Dodged            |    69 |    57 |    32 ||   158
       Rpst.: Falchion   |    26 |    18 |    13 ||    57
